 Dungeon Crawl Stone Soup version 0.29.1-1-gd02db6906a (webtiles) character file.

Game seed: 3152284790393355674

3461 ImASeal the Trooper (level 9, 0/71 (77) HPs)
             Began as a Palentonga Hunter on Oct 4, 2022.
             Was a Follower of Wu Jian.
             Slain by a wight
             ... wielding a +3 hand axe of freezing
              (1 damage)
             ... on level 7 of the Dungeon.
             The game lasted 00:15:00 (7413 turns).

ImASeal the Trooper (Palentonga Hunter)             Turns: 7413, Time: 00:15:01

HP:   0/71 (77)     AC: 15    Str: 35    XL:     9   Next: 78%
MP:   9/9           EV: 11    Int:  9    God:    Wu Jian [*.....]
Gold: 244           SH:  5    Dex: 15    Spells: 8/8 levels left

rFire   + . .      SeeInvis +   m - +6 spear of the Unkillable {vorpal, rF+ Str+3}
rCold   . . .      Faith    .   (no shield)
rNeg    . . .      Spirit   .   F - +2 robe {Will+}
rPois   .          Reflect  +   E - +0 helmet
rElec   .          Harm     .   I - +0 cloak
rCorr   .          Rampage  .   (no gloves)
Will    +....                   (no barding)
Stlth   ++........              D - amulet of reflection
HPRegen 0.21/turn               z - +6 ring of strength
MPRegen 0.11/turn               G - +6 ring of strength

@: drained, curled up
A: large, rugged brown scales 3, see invisible, deformed body, roll 1, armoured
tail, reflexive curl
a: Rolling Charge, Renounce Religion


You were on level 7 of the Dungeon.
You worshipped Wu Jian.
Wu Jian was aware of your devotion.
You visited 2 branches of the dungeon, and saw 8 of its levels.

You collected 534 gold pieces.
You spent 290 gold pieces at shops.

Inventory:

Hand Weapons
 a - a +0 shortbow
 m - the +6 spear of the Unkillable (weapon) {vorpal, rF+ Str+3}
   (You found it on level 2 of the Dungeon)

   It inflicts extra damage upon your enemies.
   Str:       It affects your strength (+3).
   rF:        It protects you from fire.
 L - a +0 triple crossbow
Missiles
 g - 5 poisoned darts
 p - 33 stones (quivered)
 A - a curare-tipped dart
Armour
 c - a +0 leather armour
 o - a +0 ring mail
 r - +0 swamp dragon scales
 E - a +0 helmet (worn)
 F - a +2 robe of willpower (worn)
 I - a +0 cloak (worn)
Jewellery
 q - a ring of ice
 y - a ring of resist corrosion
 z - a +6 ring of strength (left hand)
 D - an amulet of reflection (around neck)
 G - a +6 ring of strength (right hand)
Wands
 O - a wand of roots (9)
 P - a wand of paralysis (5)
 Q - a wand of digging (3)
Scrolls
 b - 3 scrolls of immolation
 f - 11 scrolls of identify {unknown}
 i - a scroll of butterflies {unknown}
 j - 2 scrolls of noise {unknown}
 k - 7 scrolls of teleportation
 n - a scroll of enchant weapon {unknown}
 s - 3 scrolls of vulnerability {unknown}
 v - 3 scrolls of silence {unknown}
 x - a scroll of fear {unknown}
 B - a scroll of blinking {unknown}
 H - a scroll of torment {unknown}
 K - a scroll of enchant armour {unknown}
Potions
 d - a potion of degeneration {unknown}
 e - 5 potions of heal wounds {unknown}
 h - a potion of mutation {unknown}
 l - 7 potions of curing
 t - a potion of brilliance {unknown}
 u - 2 potions of haste
 w - a potion of flight {unknown}
 C - 2 potions of lignification {unknown}
 J - a potion of attraction {unknown}
 M - a potion of cancellation {unknown}
 N - a potion of might


   Skills:
 * Level 7.1 Fighting
 + Level 6.0 Polearms
 + Level 5.0 Ranged Weapons
 + Level 0.3 Throwing
 + Level 3.8 Armour
 + Level 4.3 Dodging
 + Level 2.5 Stealth
 + Level 2.4 Shields
 + Level 2.6 Evocations


You had 8 spell levels left.
You didn't know any spells.
Your spell library contained the following spells:

 Spells                   Type           Power      Damage    Failure   Level
 Call Canine Familiar     Summ           0%         N/A       77%         3
 Summon Guardian Golem    Hex/Summ       0%         N/A       77%         3
 Fulminant Prism          Conj/Hex       0%         3d6       99%         4
 Summon Lightning Spire   Summ/Air       0%         N/A       99%         4
 Orb of Destruction       Conj           0%         9d5       100%        7
 Spellforged Servitor     Conj/Summ      0%         N/A       100%        7
 Storm Form               Tmut/Air       0%         N/A       100%        7
 Maxwell's Capacitive Co  Air            0%         ∞         100%        8


Dungeon Overview and Level Annotations

Branches:
Dungeon (7/15)             Temple (1/1) D:7

Altars:
Ashenzari
Cheibriados
Dithmenos
Elyvilon
Fedhas
Gozag
Hepliaklqana
Kikubaaqudgha
Makhleb
Nemelex Xobeh
Qazlal
Ru
Sif Muna
Trog
Uskayaw
Vehumet
Wu Jian
Xom
Yredelemnul
The Shining One

Shops:
D:5 (   D:6 (([


Innate Abilities, Weirdness & Mutations

You are completely covered in rugged brown scales. (AC +3, +7% HP)
You have supernaturally acute eyesight. (SInv)
Armour fits poorly on your strangely shaped body.
You can roll at nearby foes to attack.
You have a long armoured tail.
You curl defensively after being hit. (AC +7*)


Message History

The wight hits you from afar with a +5 halberd of freezing!
You feel drained. The wight freezes you.
You barely miss the wight.
The wight hits you with a +3 hand axe of freezing!
The wight freezes you.
The wight hits you from afar with a +5 halberd of freezing!
The wight freezes you.
You are too injured to fight recklessly!
You are too injured to fight recklessly!
You are too injured to fight recklessly!
A wight comes into view. It is wielding a +0 spear.
The wight attacks as you move away! The wight closely misses you.
You see here a +0 robe.
The wight attacks as you move away! The wight barely misses you.
The wight attacks as you move away! The wight barely misses you.
The wight attacks as you move away!
The wight hits you with a +3 hand axe of freezing.
The wight freezes you. The wight attacks as you move away!
The wight hits you with a +3 hand axe of freezing.
* * * LOW HITPOINT WARNING * * *
The wight freezes you.
* * * LOW HITPOINT WARNING * * *
The wight attacks as you move away! The wight barely misses you.
The wight attacks as you move away!
The wight hits you with a +3 hand axe of freezing.
* * * LOW HITPOINT WARNING * * *
You feel drained. The wight freezes you.
* * * LOW HITPOINT WARNING * * *
The wight attacks as you move away!
The wight hits you with a +3 hand axe of freezing.
* * * LOW HITPOINT WARNING * * *
The wight freezes you.
* * * LOW HITPOINT WARNING * * *
The wight attacks as you move away! The wight hits you but does no damage.
The wight attacks as you move away!
The wight hits you with a +3 hand axe of freezing.
* * * LOW HITPOINT WARNING * * *
You feel drained.
You die...

####....# #. . ####.......## #. .
#####...........## #. ..
#####...........)....## #.
#.#####............#...))...## #.
.#...................#.......# #.
#.#...................#......## #
.#.........#..................###
#.#....####...zz@..............##
.#.......#..z#..................#
#.#####.....##.............#.....
.#.# ####..###............##....
#.## #..# ##..........<.##...
.#†...# ##.## #............###..
#.#..## #..# ##...........# ##.
.#...# ##.# #...........## ##
.....# #.## ##...........# #


You could see 3 wights.

Vanquished Creatures
  Pikel (D:6)
  Maggie (D:6)
  Sigmund (D:5)
  Eustachio (D:6)
  Menkaure (D:6)
  2 sky beasts (D:7)
  2 ice beasts
  A black bear (D:5)
  A centaur (D:6)
  4 ogres
  2 phantoms
  2 bullfrogs (D:7)
  3 necrophages
  A kobold brigand (D:4)
  6 wights (D:7)
  A howler monkey (D:7)
  3 hounds
  An orc priest (D:7)
  2 jellies
  Crazy Yiuf (D:6)
  An iguana (D:5)
  2 orc wizards
  9 gnolls
  6 adders
  A white imp (D:7)
  An ufetubus (D:5)
  4 worms
  4 dart slugs
  15 orcs
  4 endoplasms
  4 giant cockroaches
  7 hobgoblins
  7 jackals
  4 quokkas
  5 ball pythons
  6 bats
  2 frilled lizards
  13 goblins
  7 kobolds
  9 rats
148 creatures vanquished.

Notes
Turn   | Place    | Note
-------+----------+-------------------------------------------
     0 | D:1      | ImASeal the Palentonga Hunter began the quest for the Orb.
     0 | D:1      | Reached XP level 1. HP: 17/17 MP: 1/1
   167 | D:1      | Reached XP level 2. HP: 23/23 MP: 2/2
   645 | D:1      | Reached XP level 3. HP: 29/29 MP: 3/3
   898 | D:2      | Identified the +6 spear of the Unkillable {vorpal, rF+
                  | Str+3}
  1254 | D:2      | Reached XP level 4. HP: 30/36 MP: 4/4
  1512 | D:2      | Reached skill level 3 in Fighting
  1720 | D:2      | Found a faded altar of an unknown god.
  1897 | D:3      | Reached skill level 1 in Armour
  2245 | D:4      | Reached XP level 5. HP: 39/43 MP: 5/5
  2333 | D:4      | Reached skill level 1 in Polearms
  2521 | D:4      | Reached XP level 6. HP: 33/51 MP: 6/6
  2771 | D:4      | Identified the +1 leather armour "Qiucegysuq" {+Blink
                  | Slay+3}
  3140 | D:4      | Found an ornate altar of the Wu Jian Council.
  3438 | D:4      | Became a worshipper of the Wu Jian Council
  3499 | D:5      | Entered Level 5 of the Dungeon
  3675 | D:5      | Found Diegu's Antique Weapon Shoppe.
  3762 | D:5      | Reached skill level 4 in Fighting
  3823 | D:5      | Gained mutation: You curl defensively after being hit. (AC
                  | +7*) [Palentonga growth]
  3823 | D:5      | Reached XP level 7. HP: 22/57 MP: 7/7
  4075 | D:5      | Noticed Sigmund
  4100 | D:5      | Killed Sigmund
  4469 | D:5      | Reached skill level 1 in Stealth
  4596 | D:6      | Noticed Eustachio
  4613 | D:6      | Killed Eustachio
  4614 | D:6      | Reached skill level 1 in Evocations
  4614 | D:6      | Reached XP level 8. HP: 57/65 MP: 8/8
  4752 | D:6      | Found a white marble altar of Elyvilon.
  4755 | D:6      | Noticed Menkaure
  4758 | D:6      | Killed Menkaure
  4759 | D:6      | Reached skill level 5 in Fighting
  4934 | D:6      | Found Kaiseva's Armour Shop.
  4966 | D:6      | Found a shimmering altar of Xom.
  5003 | D:6      | Found a runed translucent door.
  5004 | D:6      | Noticed Crazy Yiuf
  5154 | D:6      | Killed Crazy Yiuf
  5276 | D:6      | Found Kadu Targh's Weapon Emporium.
  5443 | D:6      | Noticed Maggie
  5457 | D:6      | Killed Maggie
  5458 | D:6      | Reached skill level 5 in Polearms
  5458 | D:6      | Reached skill level 1 in Shields
  5674 | D:6      | Found Lelu's Antique Weapon Shop.
  5680 | D:6      | Bought a triple crossbow for 290 gold pieces
  5681 | D:6      | Found a bloodstained altar of Trog.
  5879 | D:6      | Noticed Pikel
  5900 | D:6      | Killed Pikel
  5901 | D:6      | Reached skill level 6 in Fighting
  5901 | D:6      | Reached XP level 9. HP: 56/73 MP: 9/9
  6142 | D:6      | Found an opulent altar of Gozag.
  6144 | D:6      | Found a shadowy altar of Dithmenos.
  6492 | D:7      | Reached * piety under Wu Jian
  6529 | D:7      | Paralysed by a wight for 2 turns
  6563 | D:7      | Reached skill level 5 in Ranged Weapons
  6590 | D:7      | Found a staircase to the Ecumenical Temple.
  6732 | D:7      | Got Buyrur's Meditations on the Congregation and Blasts
  6751 | Temple   | Entered the Ecumenical Temple
  6998 | D:7      | Found a stormy altar of Qazlal.
  7228 | D:7      | Reached skill level 7 in Fighting
  7413 | D:7      | HP: 1/73 [wight/+3 hand axe of freezing (6)]
  7413 | D:7      | Slain by a wight

Illustrated notes

Levels and vault maps discovered:
D:1:      onia_arrival_pentagram, layout_loops_ring
D:2:      layout_rooms, shapermc_ecumenical_altar_pompeii, corexii_shack
D:3:      layout_rooms, corexii_shack
D:4:      layout_basic, nicolae_wu_jian_immortal_techniques, serial_bayou_pond_d
D:5:      black_bear_nest_1, layout_loops_ring, serial_shops,
          nicolae_shop_statue_plus, minmay_ogre_servants, uniq_sigmund
D:6:      layout_basic, xom_teletrap_fun, mainiacjoe_overflow_tiny_flanked,
          elyvilon_altar_1, minitemple, serial_shops, nicolae_shop_behind_doors,
          kennysheep_little_box, shop, uniq_maggie, uniq_pikel,
          uniq_crazy_yiuf_cottage, uniq_eustachio, uniq_menkaure
D:7:      layout_cave_pods, kennysheep_mini,
          mainiacjoe_overflow_concentric_impassable,
          minmay_temple_entry_offerings, minivault_23, minmay_between
Temple:   nicolae_temple_figure_eight

Skill      XL: |  1  2  3  4  5  6  7  8  9 |
---------------+----------------------------+-----
Ranged Weapons | 4 5 |  5.0
Fighting       | 3 4 6 7 |  7.1
Armour         | 1 2 3 |  3.8
Polearms       | 1 3 4 5 6 |  6.0
Dodging        | 2 3 4 |  4.3
Stealth        | 1 2 |  2.5
Evocations     | 1 2 |  2.6
Shields        | 1 2 |  2.4
Throwing       | |  0.3

Action                   |  1- 3 |  4- 6 |  7- 9 || total
-------------------------+-------+-------+-------++-------
Melee: Spear             |    22 |   122 |   162 ||   306
       Tailslap          |     1 |     8 |    22 ||    31
       Punch             |       |     1 |     3 ||     4
 Fire: Shortbow          |    90 |       |       ||    90
       Triple crossbow   |       |       |    27 ||    27
Throw: Stone             |       |       |     5 ||     5
 Abil: Rolling Charge    |     1 |     2 |       ||     3
Evoke: Wand              |       |       |    17 ||    17
  Use: Scroll            |       |       |     1 ||     1
 Stab: Sleeping          |       |       |     3 ||     3
Armor: Leather armour    |    28 |       |       ||    28
       Ring mail         |     4 |    30 |     1 ||    35
       Robe              |       |       |    32 ||    32
Dodge: Dodged            |    38 |    29 |    83 ||   150
Block: Other             |       |     7 |    27 ||    34
       Reflection        |       |       |     1 ||     1
